 Dungeon Crawl Stone Soup version 0.28.0-1-gb440e238dd (webtiles) character file.

Game seed: 17092164358815830613

153 DrunkBamboolord the Gusty (level 5, -1/28 HPs)
             Began as a Tengu Air Elementalist on Feb 27, 2022.
             Killed from afar by a steam dragon (13 damage)
             ... with a ball of steam
             ... on level 4 of the Dungeon.
             The game lasted 00:05:16 (3105 turns).

DrunkBamboolord the Gusty (Tengu Air Elementalist)  Turns: 3105, Time: 00:05:17

Health: -1/28      AC:  2    Str:  8    XL:     5   Next: 35%
Magic:  0/10       EV: 15    Int: 17    God:
Gold:   119        SH:  0    Dex: 15    Spells: 3/10 levels left

rFire   . . .      SeeInvis +   (no weapon)
rCold   . . .      Faith    .   (no shield)
rNeg    . . .      Spirit   .   a - +0 robe
rPois   .          Reflect  .   (helmet restricted)
rElec   .          Harm     .   (no cloak)
rCorr   .          Rampage  .   (no gloves)
Will    +....                   (boots unavailable)
Stlth   ++........              (no amulet)
HPRegen 0.09/turn               c - ring of see invisible
MPRegen 0.12/turn               i - ring of willpower

@: flying quickly and evasively, quick
A: beak, talons 3, nimble flight
a: no special abilities


You were on level 4 of the Dungeon.
You visited 1 branch of the dungeon, and saw 4 of its levels.

You collected 119 gold pieces.

Inventory:

Armour
 a - a +0 robe (worn)
Jewellery
 c - a ring of see invisible (left hand)
 i - a ring of willpower (right hand)
Potions
 b - a potion of curing
 d - a potion of heal wounds {unknown}
 e - a potion of mutation {unknown}
 f - a potion of brilliance {unknown}
 h - a potion of might {unknown}


   Skills:
 * Level 2.9 Dodging
 + Level 2.2 Stealth
 * Level 3.0 Spellcasting
 * Level 3.4 Conjurations
 * Level 5.4 Air Magic


You had 3 spell levels left.
You knew the following spells:

 Your Spells              Type           Power      Damage    Failure   Level
a - Shock                 Conj/Air       68%        1d7       2%          1
b - Static Discharge      Conj/Air       17%        N/A       4%          2
c - Airstrike             Air            10%        N/A       19%         4

Your spell library contained the following spells:

 Spells                   Type           Power      Damage    Failure   Level
 Swiftness                Air            21%        N/A       5%          3
 Apportation              Tloc           4%         N/A       17%         1
 Alistair's Intoxication  Tmut/Pois      1%         N/A       99%         5


Dungeon Overview and Level Annotations

Branches:
Dungeon (4/15)
 Temple: D:4-7

Altars:
Dithmenos


Innate Abilities, Weirdness & Mutations

You have a beak for a mouth.
You have claws for feet.
Your magical nature lets you fly swiftly and evasively.


Message History

The hound bites you. The hobgoblin misses you.
Casting: Static Discharge (safe; 4% risk of failure)
Confirm with . or Enter, or press ? or * to list all spells.
You don't know that spell.
Casting: Static Discharge (safe; 4% risk of failure)
Confirm with . or Enter, or press ? or * to list all spells.
The hobgoblin is struck by an arc of lightning.
You kill the hobgoblin!
You are struck by an arc of lightning.
The lightning grounds out.
The hound bites you. The hound misses you.
Unknown command.
Casting: Static Discharge (safe; 4% risk of failure)
Confirm with . or Enter, or press ? or * to list all spells.
The hound is struck by an arc of lightning.
The hound is severely wounded.
The lightning grounds out.
The hound bites you.
Unknown command.
Casting: Static Discharge (safe; 4% risk of failure)
Confirm with . or Enter, or press ? or * to list all spells.
The hound is struck by an arc of lightning.
The hound is almost dead.
You are struck by an arc of lightning.
The lightning grounds out.
The hound barely misses you. x2
Unknown command.
Found a stone staircase leading up.
The hound closely misses you.
Aiming: Shock (safe; 3% risk of failure)
Press: ? - help, Q - select action, (/) - cycle Shift-Dir - straight line, f - goblin
Aim: a goblin, wielding a +0 dagger (64% to hit)
The zap misses the goblin.
The zap hits the hound.
You kill the hound!
The goblin hits you with a +0 dagger.
Your Spellcasting skill increases to level 3!
A steam dragon comes into view.
Found a scroll labelled IQEWYNNUAMI.
The steam dragon hisses angrily.
A hobgoblin comes into view.
The steam dragon breathes steam at you. The ball of steam hits you!
You die...

. . .## .# #.. .# #.#
#.## #.# ##...## .
#..#g###.## ##<....#..
#...D§§@g.###.........
#.?.#####....†........
# #.###......?#< #.#
##.....#.. #.# ##...##
( #.# #.## ... ... ###
##. .#


You could see a goblin.

Vanquished Creatures
  A jelly (D:3)
  A hound (D:4)
  An iguana (D:3)
  4 dart slugs
  6 orcs (D:3)
  4 ball pythons
  5 bats
  6 endoplasms
  A giant cockroach (D:3)
  A goblin (D:2)
  3 hobgoblins
  3 jackals (D:2)
  3 kobolds
  6 quokkas
  3 frilled lizards (D:1)
  2 rats (D:3)
50 creatures vanquished.

Notes
Turn   | Place    | Note
-------+----------+-------------------------------------------
     0 | D:1      | DrunkBamboolord the Tengu Air Elementalist began the quest
                  | for the Orb.
     0 | D:1      | Reached XP level 1. HP: 10/10 MP: 4/4
   146 | D:1      | Reached XP level 2. HP: 14/15 MP: 0/6
   241 | D:1      | Learned a level 2 spell: Static Discharge
   795 | D:1      | Reached XP level 3. HP: 15/19 MP: 3/7
  1321 | D:2      | Found a faded altar of an unknown god.
  1874 | D:3      | Reached skill level 5 in Air Magic
  1874 | D:3      | Reached XP level 4. HP: 18/24 MP: 0/9
  1879 | D:3      | Learned a level 4 spell: Airstrike
  2372 | D:3      | Gained mutation: Your magical nature lets you fly swiftly
                  | and evasively. [Tengu growth]
  2372 | D:3      | Reached XP level 5. HP: 28/28 MP: 8/10
  2452 | D:3      | Found a shadowy altar of Dithmenos.
  3104 | D:4      | Noticed a steam dragon
  3105 | D:4      | Killed from afar by a steam dragon

Illustrated notes

Levels and vault maps discovered:
D:1:      dpeg_arrival_stonehenge_8_columns, layout_basic
D:2:      layout_basic, shapermc_ecumenical_altar_notcrosses,
          nicolae_concentric_dashed_squares_wild
D:3:      layout_basic, nicolae_dithmenos_through_a_glass_darkly,
          kennysheep_cluttered_room
D:4:      layout_loops_ring, gup_sewer_entry_bubbles,
          chequers_serial_rivers_small_b

Skill      XL: |  1  2  3  4  5 |
---------------+----------------+-----
Conjurations   | 2 3 |  3.4
Air Magic      | 5 |  5.4
Spellcasting   | 3 |  3.0
Dodging        | |  2.9
Stealth        | |  2.2

Action                   |  1- 3 |  4- 6 || total
-------------------------+-------+-------++-------
Melee: Unarmed           |     7 |       ||     7
       Punch             |     1 |       ||     1
       Kick              |     1 |       ||     1
       Peck              |     1 |       ||     1
 Cast: Shock             |    71 |    38 ||   109
       Static Discharge  |       |     4 ||     4
  Use: Scroll            |     2 |     1 ||     3
Armor: Robe              |     2 |       ||     2
Dodge: Dodged            |    10 |     6 ||    16
